 Dungeon Crawl Stone Soup version bcrawl-1.21 (webtiles) character file.

Game seed: 6768726519516980794

5758 Freyura the Basher (level 10, -8/88 HPs)
             Began as a Minotaur Fighter on Feb 15, 2020.
             Was a Follower of the Shining One.
             Mangled by a white ugly thing (9 damage)
             ... on level 8 of the Dungeon.
             The game lasted 00:17:08 (6460 turns).

Freyura the Basher (Minotaur Fighter)               Turns: 6460, Time: 00:17:09

Health: -8/88      AC: 10    Str: 20    XL:     10   Next: 49%
Magic:  12/12      EV: 13    Int:  5    God:    the Shining One [*.....]
Gold:   474        SH: 11    Dex: 17    Spells: 9/9 levels left

rFire    . . .     SeeInvis .   j - +4 morningstar
rCold    + . .     Gourm    .   c - +0 shield
rNeg     + . .     Faith    .   d - +0 scale mail {rC+}
rPois    .         Spirit   .   (helmet restricted)
rElec    +         Reflect  .   (no cloak)
rCorr    .         Harm     .   (no gloves)
MR       .....                  w - +1 pair of boots
Stlth    ..........             (no amulet)
HPRegen  0.24/turn              t - +5 ring of dexterity
MPRegen  0.13/turn              p - ring of positive energy

@: glowing
A: retaliatory headbutt, horns 2, clumsy 1, electricity resistance
a: Renounce Religion


You were on level 8 of the Dungeon.
You worshipped the Shining One.
The Shining One was aware of your devotion.
You were not hungry.

You visited 2 branches of the dungeon, and saw 9 of its levels.

You collected 474 gold pieces.

Inventory:

Hand Weapons
 j - a +4 morningstar (weapon)
Missiles
 i - a throwing net (quivered) {!f}
Armour
 c - a +0 shield (worn)
 d - a +0 scale mail of cold resistance (worn)
 w - a +1 pair of boots (worn)
Jewellery
 k - an uncursed ring of magical power
 p - a ring of positive energy (right hand)
 t - a +5 ring of dexterity (left hand)
Wands
 s - a wand of enslavement (6)
 x - a wand of digging (7)
Scrolls
 a - a scroll of blinking
 f - 9 scrolls of remove curse
 h - 3 scrolls of identify
 o - 3 scrolls of teleportation
 v - a scroll of enchant armour
Potions
 g - 2 potions of curing
 m - 2 potions of flight
 n - a potion of degeneration {unknown}
 q - 2 potions of mutation
 r - 2 potions of haste
 u - 3 potions of lignification
Comestibles
 b - 2 chunks of flesh
 e - 9 rations {!d}


   Skills:
 + Level 8.3 Fighting
 * Level 10.6 Maces & Flails
 + Level 8.2 Armour
 + Level 6.5 Dodging
 + Level 8.1 Shields
 + Level 4.9 Invocations


You had 9 spell levels left.
You didn't know any spells.
Your spell library was empty.

Dungeon Overview and Level Annotations

Branches:
Dungeon (8/12)             Temple (1/1) D:4
   Lair: D:7-9          Orc: D:8-11

Altars:
Cheibriados
Dithmenos
Elyvilon
Gozag
Hepliaklqana
Kikubaaqudgha
Lugonu
Makhleb
Nemelex Xobeh
Okawaru
Qazlal
Sif Muna
Trog
Uskayaw
Vehumet
Wu Jian
Xom
Yredelemnul
Zin
The Shining One

Shops:
D:4 :   D:7 *


Innate Abilities, Weirdness & Mutations

You reflexively headbutt those who attack you in melee.
You have a pair of horns on your head.
You are clumsy. (Dex -2)
You are resistant to electric shocks. (rElec)


Message History

The white ugly thing freezes you. You resist.
You sock the white ugly thing! You headbutt the white ugly thing.
The white ugly thing is heavily wounded.
The white ugly thing stings you. The white ugly thing freezes you! You resist.
* * * LOW HITPOINT WARNING * * *
You thump the white ugly thing!
Your headbutt misses the white ugly thing.
The white ugly thing is severely wounded.
The white ugly thing misses you. You furiously retaliate!
You headbutt the white ugly thing. You hit the white ugly thing.
You headbutt the white ugly thing!
The white ugly thing is almost dead.
The white ugly thing stings you.
* * * LOW HITPOINT WARNING * * *
The white ugly thing freezes you. You resist.
* * * LOW HITPOINT WARNING * * *
You feel better. The white ugly thing stings you!
* * * LOW HITPOINT WARNING * * *
The white ugly thing freezes you! You resist.
You die...

......p...#......÷...........
## #.......#....†....#........
+..#.......###.......##.....#.
##.#.......#..:......# .....#
(.......#+##.........# ####.#
........#.#.........#.... ..
........#.#......####..... #
.....#........##u# ##.....#
.....#........##@# #......#
....##........##.# #......#
....##........##.###......#
....#.......#......#.....# [..
#.......#......#.....# ...
#..............#.....#
#..............#.....# ##
#...).....##.........#######.
#.#######.##.................


You could see a white ugly thing.

Vanquished Creatures
  A tengu warrior (D:8)
  An unseen horror (D:7)
  Pikel (D:8)
  A troll (D:8)
  Prince Ribbit (D:7)
  A hippogriff (D:7)
  3 yaks (D:7)
  Edmund (D:4)
  4 ice beasts
  A sky beast (D:4)
  A necrophage (D:5)
  A black bear (D:4)
  2 ogres
  2 phantoms
  4 centaurs
  5 bullfrogs
  A gnoll sergeant (D:8)
  2 scorpions
  A killer bee (D:5)
  2 howler monkeys (D:5)
  5 crimson imps
  3 bullfrog zombies
  A centaur zombie (D:5)
  6 hounds
  5 jellies
  2 orc priests
  6 orc wizards
  A bullfrog skeleton (D:8)
  4 iguanas
  3 worker ants
  Robin (D:4)
  3 adders
  6 gnolls
  A river rat (D:5)
  A shadow imp (D:5)
  An ooze (D:1)
  5 worms
  3 dart slugs
  6 leopard geckos
  23 orcs
  6 bats
  10 goblins
  8 hobgoblins
  6 jackals
  8 kobolds
  6 quokkas
  2 ball pythons
  4 frilled lizards
  A jackal zombie (D:5)
  11 rats
184 creatures vanquished.

Vanquished Creatures (others)
  2 slaves (D:8)
  A plant (D:5)
3 creatures vanquished.

Grand Total: 187 creatures vanquished

Notes
Turn   | Place    | Note
-------+----------+-------------------------------------------
     0 | D:1      | Freyura the Minotaur Fighter began the quest for the Orb.
     0 | D:1      | Reached XP level 1. HP: 19/19 MP: 0/0
   107 | D:1      | Reached XP level 2. HP: 27/27 MP: 1/1
   340 | D:1      | Reached skill level 1 in Dodging
   341 | D:1      | Reached skill level 3 in Maces & Flails
   423 | D:1      | Reached XP level 3. HP: 30/33 MP: 2/2
  1081 | D:2      | Noticed a phantom
  1120 | D:2      | Killed a phantom
  1120 | D:2      | Reached skill level 4 in Maces & Flails
  1120 | D:2      | Reached XP level 4. HP: 13/41 MP: 3/3
  1419 | D:2      | Gained mutation: You are clumsy. (Dex -2) [potion of
                  | mutation]
  1419 | D:2      | Gained mutation: You are resistant to electric shocks.
                  | (rElec) [potion of mutation]
  1455 | D:3      | Reached XP level 5. HP: 38/47 MP: 4/4
  2076 | D:4      | Noticed Edmund
  2091 | D:4      | Killed Edmund
  2091 | D:4      | Reached skill level 5 in Maces & Flails
  2091 | D:4      | Reached XP level 6. HP: 46/55 MP: 5/5
  2166 | D:4      | Reached skill level 5 in Fighting
  2166 | D:4      | Reached skill level 5 in Armour
  2166 | D:4      | Reached skill level 5 in Shields
  2358 | D:4      | Reached XP level 7. HP: 48/61 MP: 6/6
  2471 | D:4      | Found a staircase to the Ecumenical Temple.
  2489 | D:4      | Noticed Robin
  2499 | Temple   | Entered the Ecumenical Temple
  2534 | Temple   | Became a worshipper of the Shining One
  2790 | D:4      | Reached skill level 6 in Maces & Flails
  2799 | D:4      | Killed Robin
  3098 | D:4      | Reached skill level 1 in Invocations
  3318 | D:4      | Found Yjiceced's Book Boutique.
  3439 | D:5      | Entered Level 5 of the Dungeon
  3445 | D:5      | Reached XP level 8. HP: 58/70 MP: 8/8
  3655 | D:5      | Reached skill level 7 in Maces & Flails
  3771 | D:5      | Found a shimmering blue altar of Sif Muna.
  4437 | D:6      | Reached skill level 8 in Maces & Flails
  4454 | D:6      | Reached * piety under the Shining One
  4634 | D:6      | Reached XP level 9. HP: 76/77 MP: 10/10
  4771 | D:6      | Reached skill level 5 in Dodging
  5310 | D:7      | Reached skill level 9 in Maces & Flails
  5336 | D:7      | Noticed Prince Ribbit
  5342 | D:7      | Killed Prince Ribbit
  5364 | D:7      | Noticed an unseen horror
  5385 | D:7      | Killed an unseen horror
  5518 | D:7      | Found a glowing silver altar of Zin.
  5523 | D:7      | Found Zin's Purification Station.
  5573 | D:7      | Reached XP level 10. HP: 87/87 MP: 12/12
  5976 | D:7      | Reached skill level 10 in Maces & Flails
  6025 | D:7      | Found a bloodstained altar of Trog.
  6115 | D:8      | Found a white marble altar of Elyvilon.
  6354 | D:8      | Noticed Pikel
  6362 | D:8      | Killed Pikel
  6421 | D:8      | Noticed a tengu warrior
  6422 | D:8      | Noticed a white ugly thing
  6452 | D:8      | Killed a tengu warrior
  6459 | D:8      | HP: 4/88 [white ugly thing (6)]
  6460 | D:8      | HP: 1/88 [white ugly thing (8)]
  6460 | D:8      | Mangled by a white ugly thing

Skill      XL: |  1  2  3  4  5  6  7  8  9 10 |
---------------+-------------------------------+-----
Dodging        | 1 2 3 4 5 6 |  6.5
Maces & Flails | 3 4 5 6 8 9 10 | 10.6
Armour         | 4 5 6 7 8 |  8.2
Fighting       | 4 5 6 7 8 |  8.3
Shields        | 4 5 6 7 8 |  8.1
Invocations    | 1 2 4 |  4.9

Action                   |  1- 3 |  4- 6 |  7- 9 | 10-12 || total
-------------------------+-------+-------+-------+-------++-------
Melee: Flail             |   116 |    90 |   184 |       ||   390
       Headbutt          |    17 |    17 |    58 |    19 ||   111
       Morningstar       |       |       |   100 |    87 ||   187
  Use: Scroll            |       |     8 |     5 |       ||    13
       Potion            |       |     5 |       |     2 ||     7
  Eat: Chunk             |     1 |     3 |     5 |     3 ||    12
       Ration            |       |       |     2 |       ||     2
Armor: Scale mail        |    61 |    27 |    80 |    28 ||   196
Dodge: Dodged            |    31 |    43 |   107 |    55 ||   236
Block: Shield            |    53 |    52 |   157 |    71 ||   333
